Unix NetHack Version 5.0.0-0 post-release - last build May 10 2026 23:12:36 (d1fa5d53e341ca933230fdaa984d921c805b60aa,branch:main).

Game began 2026-05-14 00:18:06, ended 2026-05-14 01:06:48.

Drastanta, lawful female human Samurai

                                                                 ------
                                                             -----*...--
                                                            --.........--
                                                            |....^......---
                                                            |....).--.....|
                                                            |......---....----
                                                            --->.............--
                                                              --....|.........|
                                                               |....|........-|
                 ---                                           |...)...)......|
                 .<.                                           -.......--.#-.#-
                 ...                                           ....|.---   ###
                                                               ))..|
                              -..--------                      ..M:-------
                              ......^...----------...-- --........@Z|.|..##
                              .......--...............--#)..%...)--q.....#-
                                      .--------------.....#..--.##--#...*.#
                                                    |...##-   -)#   #..|..#
                                                    --.##      ##   ####..|
                                                                       ##--
Drastanta the Kunoichi  St:12 Dx:20 Co:17 In:11 Wi:6 Ch:6  Lawful
Dlvl:5  $:326 HP:0(54) Pw:25(25) AC:-3 Xp:7 T:4473  Burdened

Latest messages:
 You feel weaker!
 You hit the snake!
 The gecko bites!
 The rothe hits!
 The rothe misses!
 The rothe misses!
 The snake bites!
 The gecko bites!
 The rothe hits!
 The rothe misses!
 The rothe bites!
 The snake misses!
 You kill the snake!
 The gecko bites!
 The rothe misses!
 The rothe bites!
 The rothe bites again!
 You hear crashing rock.
 You hit the dwarf mummy!
 You hit the dwarf mummy.
 The dwarf mummy misses!
 The gecko just misses!
 The rothe hits!
 The rothe bites!
 The rothe misses!
 The dwarf mummy misses!
 The gecko bites!
 The rothe hits!
 The rothe just misses!
 The rothe bites!
 You hit the dwarf mummy.
 The dwarf mummy turns to flee.
 The rothe misses!
 The rothe bites!
 The rothe bites again!
 You see here a black potion.
 The gnome mummy misses!
 The rothe hits!
 The rothe bites!
 The rothe bites again!
 Are you sure you want to pray? [yn] (n) y
 You begin praying to Amaterasu Omikami.
 The gnome mummy hits!
 The rothe hits!
 You die...
 Do you want your possessions identified? [ynq] (y) y
 Do you want to see your attributes? [ynq] (y) y
 Do you want an account of creatures vanquished? [ynaq] (y) y
 Do you want to see your conduct and achievements? [ynq] (y) y
 Do you want to see the dungeon overview? [ynq] (y) y

Inventory:
 Coins    ('$')
  $ - 326 gold pieces
 Weapons  (')')
  d - 21 +0 ya (in quiver)
  c - a +0 yumi (alternate weapon; not wielded)
  P - a +0 dagger
  a - a rusty corroded +0 katana (weapon in right hand)
  b - a +0 wakizashi
 Armor    ('[')
  t - an uncursed +0 dwarvish iron helm (being worn)
  i - a blessed +2 pair of gauntlets of dexterity (being worn)
  u - an uncursed +0 pair of iron shoes (being worn)
  v - an uncursed +0 dwarvish cloak (being worn)
  e - an uncursed rustproof +0 splint mail (being worn)
 Comestibles  ('%')
  N - an uncursed apple
  Q - an uncursed gunyoki
  I - an uncursed tripe ration
 Scrolls  ('?')
  p - a blessed scroll of enchant armor
  r - an uncursed scroll of enchant armor
  B - a blessed scroll of gold detection
  F - a blessed scroll of light
  n - 2 uncursed scrolls of scare monster
 Potions  ('!')
  j - 2 blessed potions of extra healing
  k - an uncursed potion of gain ability
  E - an uncursed potion of gain energy
  K - an uncursed potion of invisibility
  q - an uncursed potion of levitation
 Rings    ('=')
  o - an uncursed ring of levitation
  C - a cursed ring of teleportation
 Wands    ('/')
  g - a wand of cold (0:6)
 Tools    ('(')
  O - a +0 grappling hook
  R - a magic marker (0:95)
  L - a +0 unicorn horn
  M - a +0 unicorn horn

Drastanta the Samurai's attributes:

Background:
 You were a Kunoichi, a level 7 female human Samurai.
 You were lawful, on a mission for Amaterasu Omikami
 who was opposed by Raijin (neutral) and Susanowo (chaotic).
 You were right-handed.
 You were in the Gnomish Mines, on level 5.
 You entered the dungeon 4473 turns ago.
 It was nighttime.
 You had 1032 experience points, 248 more were needed to attain level 8.

Basics:
 You had 0 out of 54 hit points.
 You had all 25 energy points (spell power).
 Your armor class was -3.
 Your wallet contained 326 zorkmids.
 Autopickup was off.

Final Characteristics:
 Your strength was 12 (peak:15, limit:18/100).
 Your dexterity was 20 (base:18, innate limit:18).
 Your constitution was 17 (peak:18, limit:18).
 Your intelligence was 11 (limit:18).
 Your wisdom was 6 (peak:7, limit:18).
 Your charisma was 6 (limit:18).

Final Status:
 You weren't hungry.
 You were burdened; movement was slightly slowed.
 You were wielding a long sword.
 You had basic skill with long sword and could have enhanced that.

Final Attributes:
 You were piously aligned.
 Your items were somewhat protected from fire.
 Your items were somewhat protected from cold.
 You were warded.
 You were fast.
 Amaterasu Omikami was angry with you.
 You are dead.

Miscellaneous:
 You encountered 1 bones level.
 Total elapsed playing time was 48 minutes and 41 seconds.

Major events:
 Turn
    1: Drastanta the lawful female human Samurai entered the dungeon
  780: entered the Gnomish Mines
 1142: attained the rank of Ronin (level 3)
 1884: attained the rank of Kunoichi (level 6)
 4473: killed by a rothe, while praying

You didn't know any spells.

Skills:
 Fighting Skills
   martial arts      [Basic]
   two weapon combat [Unskilled]
   riding            [Unskilled]
 Weapon Skills
   dagger            [Unskilled]
   knife             [Unskilled]
   short sword       [Basic]
   broadsword        [Unskilled]
   long sword        [Basic]
   two-handed sword  [Unskilled]
   saber             [Unskilled]
   flail             [Unskilled]
   quarterstaff      [Unskilled]
   polearms          [Unskilled]
   spear             [Unskilled]
   lance             [Unskilled]
   bow               [Basic]
   shuriken          [Unskilled]
 Spellcasting Skills
   attack spells     [Unskilled]
   divination spells [Unskilled]
   clerical spells   [Unskilled]

Voluntary challenges:
 Character rerolling was not enabled.
 You never genocided any monsters.
 You never polymorphed an object.
 You never changed form.
 You used no wishes.
Achievements:
 You entered the Gnomish Mines.
 You entered a shop.
 You attained the rank of Ronin.
 You attained the rank of Kunoichi.

 The Dungeons of Doom: levels 1 to 7
    Level 1:
       A sink.
    Level 2:
       A fountain, a sink.
    Level 3:
       Stairs down to The Gnomish Mines.
    Level 4:
       A general store, a grave.
       Final resting place for
          atorox-Tou-Hum-Mal-Neu, killed by invisible Ms. Sipaliwini; the shopkeeper.
    Level 5:
       Some fountains.
    Level 6:
       A fountain.
    Level 7:
       Many fountains.
 The Gnomish Mines: levels 4 to 6
    Level 4:
    Level 5: <- You were here.
       Final resting place for
          you, killed by a rothe, while praying.
    Level 6:


Vanquished creatures:
  a dwarf ruler
  3 leprechauns
 an iron piercer
  a gnome ruler
  a werewolf
  2 black unicorns
  a dust vortex
  2 ravens
  2 plains centaurs
  a snake
 an ape
  3 bugbears
  a wood nymph
  9 Uruk-hai
  a rock piercer
  a rock mole
  a pony
  a shrieker
  a violet fungus
  6 gnome leaders
  2 gnomish wizards
  a guardian naga hatchling
  a giant ant
  2 little dogs
  a kitten
  2 homunculi
  a kobold leader
  a rothe
  a giant bat
  a wererat
  a werejackal
  2 iguanas
 an acid blob
  a large kobold
  a hobgoblin
  2 giant rats
  a cave spider
 16 gnomes
  3 gnome zombies
  4 geckos
  4 kobolds
  3 goblins
  9 grid bugs
  3 bats
  2 lichens
  7 newts
113 creatures vanquished.

No species were genocided or became extinct.

Game over:
                       ----------
                      /          \
                     /    REST    \
                    /      IN      \
                   /     PEACE      \
                  /                  \
                  |    Drastanta     |
                  |      326 Au      |
                  |   killed by a    |
                  |      rothe       |
                  |                  |
                  |                  |
                  |       2026       |
                 *|     *  *  *      | *
        _________)/\\_//(\/(/\)/\//\/|_)_______

Sayonara Drastanta the Samurai...

You died in The Gnomish Mines on dungeon level 5 with 5256 points,
and 326 pieces of gold, after 4473 moves.
You were level 7 with a maximum of 54 hit points when you died.

